 Dungeon Crawl Stone Soup version 0.25-a0-420-g1cc7eeb0d1 (webtiles) character file.

Game seed: 13043903445827199628, levelgen mode: deterministic

47467 MisterFreud the Spry (level 14, -8/75 HPs)
             Began as a Felid Berserker on Jan 17, 2020.
             Was the Champion of Trog.
             Killed from afar by Nikola (36 damage)
             ... with a chain lightning
             ... on level 3 of the Spider Nest on Jan 19, 2020.
             The game lasted 01:43:11 (43634 turns).

MisterFreud the Spry (Felid Berserker)             Turns: 43634, Time: 01:43:11

Health: -8/75      AC:  3    Str: 14    XL:     14   Next: 8%
Magic:  22/22      EV: 36    Int:  9    God:    Trog [******]
Gold:   2415       SH:  5    Dex: 21    Spells: 13/13 levels left
                                        Lives:  0   Deaths: 4

rFire    . . .     SeeInvis +     - Unarmed
rCold    + . .     Gourm    .   (shield unavailable)
rNeg     . . .     Faith    .   (armour unavailable)
rPois    +         Spirit   .   (helmet unavailable)
rElec    .         Reflect  +   (cloak unavailable)
rCorr    .         Harm     .   (gloves unavailable)
MR       ++...                  (boots unavailable)
Stlth    ++++++++..             J - +5 amulet of reflection
HPRegen  0.22/turn              A - ring of poison resistance
MPRegen  0.18/turn              (no ring)

@: studying 2 skills, quick
A: very small, no armour, no weapons or thrown items, stealth, claws 1, fangs 3,
see invisible, carnivore, speed 1, shaggy fur 3, slow metabolism 1, sharp paws
a: Berserk, Trog's Hand, Brothers in Arms, Renounce Religion


You were on level 3 of the Spider Nest.
You worshipped Trog.
Trog was exalted by your worship.
You were not hungry.

You visited 4 branches of the dungeon, and saw 26 of its levels.
You also visited: Sewer.

You collected 4630 gold pieces.
You spent 2215 gold pieces at shops.

Inventory:

Jewellery
 A - a ring of poison resistance (left paw)
 E - an uncursed ring of fire
 J - a +5 amulet of reflection (around neck)
Wands
 n - a wand of flame (48)
 r - a wand of paralysis (5)
 t - a wand of disintegration (34)
 B - a wand of random effects (32)
 C - a wand of iceblast (6)
 G - a wand of enslavement (20)
Scrolls
 b - 2 scrolls of fear
 c - 20 scrolls of teleportation
 d - 7 scrolls of remove curse
 k - a scroll of fog
 s - 5 scrolls of magic mapping
 u - a scroll of holy word
 v - 2 scrolls of blinking
 y - 2 scrolls of summoning
 I - a scroll of identify
Potions
 e - 4 potions of haste
 f - 3 potions of berserk rage
 g - 6 potions of agility
 h - 3 potions of lignification
 i - 9 potions of flight
 j - 3 potions of brilliance
 m - 3 potions of curing
 o - 2 potions of might
 p - 3 potions of invisibility
 w - 3 potions of magic
 z - 2 potions of mutation
 D - 3 potions of experience
 K - a potion of heal wounds
Books
 l - a manual of Dodging
 H - a manual of Fighting
Miscellaneous
 F - a phantom mirror
Comestibles
 a - 39 rations


   Skills:
 + Level 16.7 Fighting
 + Level 19.7 Dodging
 - Level 19.5 Stealth
 + Level 16.9 Unarmed Combat
 - Level 10.0 Evocations


You had 13 spell levels left.
You didn't know any spells.
Your spell library was empty.

Dungeon Overview and Level Annotations

Branches:
Dungeon (15/15)            Temple (0/1) D:7            Lair (6/6) D:10
 Shoals (0/4) Lair:2       Spider (3/4) Lair:3        Slime (0/5) Lair:5
    Orc (2/2) D:10            Elf (0/3) Orc:2        Vaults (0/5) D:13
 Depths (0/5) D:15          Sewer (visited)

Altars:
Dithmenos
Fedhas
Gozag
Qazlal
Sif Muna
Uskayaw
Wu Jian
Xom
Yredelemnul
Zin
The Shining One
Beogh
Jiyva

Shops:
D:5 [([*[   D:6 ?   D:11 (   Orc:2 %:(?

Annotations:
D:9 2 runed translucent doors, exclusion: orange crystal statue
D:14 exclusion: orange crystal statue
Lair:1 exclusion: 2 oklob plants
Lair:5 exclusion: oklob plant
Spider:3 Nikola


Innate Abilities, Weirdness & Mutations

You cannot wear armour.
You are incapable of wielding weapons or throwing items.
Your paws allow you to move quietly. (Stealth)
You have sharp claws.
You have razor-sharp teeth.
You have supernaturally acute eyesight. (SInv)
You are carnivorous and can eat meat at any time.
You cover ground quickly.
Your thick and shaggy fur keeps you warm. (AC +3, rC+)
You have a slow metabolism.
Your sharp claws are effective at attacking unaware monsters.


Message History

The wolf spider hisses angrily.
You claw Nikola, but do no damage.
Nikola is severely wounded.
Nikola struggles to get unstuck from the web.
You claw Nikola!
Nikola is severely wounded.
Nikola casts a spell.
Nikola blinks!
Failed to move towards target.
You pick your way through the web.
The demonic crawler gives a hideous shriek!
There is a web, spattered with blood here.
Nikola points at you and mumbles some strange words.
The bolt of lightning misses you.
Nikola casts a spell.
You hear a mighty clap of thunder!
The lightning arc hits you!!!
Ouch! That really hurt!
The lightning arc hits Nikola.
The lightning arc hits you!!!
You die...

........ ......##..##...
........ ....#..##...##.#...
[....... #....#....#.......##
..#..#.. #.........#..#..###
#.# ^# #..#^#............#
#.#..# ..@(.s........#..# #..#
.#.####..#.s#..#..#..### .###
..........s........#.^# ..#
.........@#.#.........##
.######..##..#.#..$#...##...@..
#^.##..#.......^^#...#......^..
#a#..#.#......##..#†^#..#...#.
#†#..#.#..##...##†.†.#..#....#
ss#..#^..##..^....##........##
#....s.#.......#...#[^#.#.#^.#
####........#....#^..#..#§# #
###...#..^^...#...#..^##


You could see Nikola, a demonic crawler, a wolf spider and an orb spider.

Vanquished Creatures
  Arachne (Spider:3)
  Gastronok (Lair:2)
  Donald (Spider:1)
  3 entropy weavers
  An ettin (Orc:2)
  6 hydras
  7 vault guards (D:13)
  2 catoblepae
  4 death knights
  Erica (D:8)
  2 centaur warriors
  5 two-headed ogres
  3 tengu warriors
  An orc high priest (Orc:1)
  A skeletal warrior (D:12)
  3 orc knights
  2 phantasmal warriors
  A necromancer (D:15)
  8 ugly things
  4 wizards
  14 orb spiders
  21 wolf spiders
  8 orc sorcerers (Orc:2)
  A manticore (D:15)
  4 cyclopes
  2 deep elf magi
  2 moths of wrath (Spider:2)
  17 elephants
  A naga mage (D:15)
  3 centaur zombies
  A gargoyle (D:15)
  A torpor snail (Spider:1)
  2 black mambas
  23 spiny frogs
  7 komodo dragons
  Maggie (Lair:1)
  An efreet (D:15)
  3 freezing wraiths
  A redback zombie (D:15)
  5 rime drakes
  10 demonic crawlers
  A merfolk (D:10)
  A tengu conjurer (D:15)
  18 jumping spiders
  11 trolls
  3 tyrant leeches
  A hornet (Spider:2)
  Grinder (Sewer)
  10 dream sheep
  3 slime creatures (D:14)
  24 blink frogs
  8 hippogriffs
  37 redbacks
  A centaur simulacrum (D:15)
  27 yaks
  2 wyverns
  31 tarantellas
  A steam dragon (D:7)
  A wraith (D:12)
  3 basilisks
  6 fire bats (D:11)
  3 hungry ghosts
  11 vampire mosquitoes
  11 wargs
  3 soldier ants
  9 water moccasins
  An acid dragon (D:11)
  2 porcupines
  2 hornet zombies
  22 orc warriors
  2 sky beasts
  A black bear (D:12)
  A necrophage (D:10)
  2 ice beasts
  3 phantoms
  2 eyes of draining
  17 ogres
  3 wolves
  9 centaurs
  13 crocodiles
  2 big kobolds
  29 bullfrogs
  A wyvern skeleton (D:15)
  6 scorpions
  5 killer bees (D:11)
  11 wights
  6 electric eels
  4 howler monkeys
  8 crimson imps
  3 quasits
  2 bullfrog zombies
  4 bullfrog skeletons
  18 orc priests
  7 hounds
  6 jellies
  6 centaur skeletons
  3 iguanas
  45 orc wizards
  13 worker ants
  A big kobold zombie (Sewer)
  A hound skeleton (D:5)
  A howler monkey zombie (D:11)
  3 gnolls
  A river rat (D:3)
  18 adders
  A howler monkey skeleton (D:8)
  5 shadow imps
  3 ufetubi (Sewer)
  An adder skeleton (D:7)
  An adder zombie (D:6)
  A dart slug (D:2)
  2 worms
  6 leopard geckos
  94 orcs
  3 ball pythons
  A bat zombie (Sewer)
  12 giant cockroaches
  5 goblins
  4 hobgoblins
  8 jackals
  22 kobolds
  6 quokkas
  6 bats
  5 frilled lizards
  A giant cockroach zombie (D:5)
  A kobold zombie (Sewer)
  10 rats
894 creatures vanquished.

Vanquished Creatures (collateral kills)
  A centaur warrior (D:15)
  A tengu warrior (D:13)
  2 wolf spiders (Spider:3)
  A komodo dragon (D:15)
  A jumping spider (Spider:3)
  A wraith (D:13)
  A tarantella (Spider:3)
  2 centaurs (D:15)
  4 orc wizards (Orc:2)
  An orc (Orc:2)
15 creatures vanquished.

Vanquished Creatures (others)
  A wolf spider (Spider:3)
  A redback (Spider:3)
  A tarantella (Spider:3)
  An orc wizard (Orc:2)
  A big kobold zombie (Sewer)
  10 fungi
  53 plants
68 creatures vanquished.

Grand Total: 977 creatures vanquished

Notes
Turn   | Place    | Note
-------+----------+-------------------------------------------
     0 | D:1      | MisterFreud the Felid Berserker began the quest for the
                  | Orb.
     0 | D:1      | Reached XP level 1. HP: 10/10 MP: 2/2
   623 | D:1      | Reached XP level 2. HP: 14/14 MP: 3/3
  1611 | D:2      | Reached XP level 3. HP: 13/18 MP: 4/4
  2164 | D:2      | Reached ** piety under Trog
  2172 | D:2      | Found a faded altar of an unknown god.
  2285 | D:3      | Reached XP level 4. HP: 13/22 MP: 5/5
  2369 | D:3      | Reached skill level 5 in Fighting
  2753 | D:3      | Found a glowing drain.
  2760 | Sewer    | Entered a sewer
  3486 | Sewer    | Reached XP level 5. HP: 27/27 MP: 6/6
  3719 | Sewer    | Reached skill level 1 in Stealth
  3939 | Sewer    | Reached *** piety under Trog
  4055 | Sewer    | Found a burning altar of Makhleb.
  4061 | Sewer    | Gained mutation: You are covered in thick fur. (AC +2)
                  | [Felid growth]
  4061 | Sewer    | Reached XP level 6. HP: 31/31 MP: 7/7
  4197 | Sewer    | Noticed Grinder
  4220 | Sewer    | Killed Grinder
  4220 | Sewer    | Reached skill level 5 in Dodging
  4600 | D:3      | Reached XP level 7. HP: 34/34 MP: 8/8
  4825 | D:3      | Found a glowing golden altar of the Shining One.
  5168 | D:4      | Found a shadowy altar of Dithmenos.
  5575 | D:4      | Reached skill level 5 in Stealth
  5963 | D:5      | Entered Level 5 of the Dungeon
  5971 | D:5      | Found Foloiny's Armour Boutique.
  5996 | D:5      | Found a blossoming altar of Fedhas.
  6078 | D:5      | Reached skill level 5 in Unarmed Combat
  6120 | D:5      | Found Xankis's Antique Weapon Shop.
  6147 | D:5      | Reached XP level 8. HP: 38/38 MP: 9/9
  6216 | D:5      | Found Luniuto's Antique Armour Boutique.
  6390 | D:5      | Found Sewiown's Antique Armour Emporium.
  6811 | D:5      | Found Gynoul's Assorted Antiques.
  6815 | D:5      | Bought a runed cabochon ring for 125 gold pieces
  6815 | D:5      | Bought a scroll labeled OFOSMO LABEUB for 25 gold pieces
  6815 | D:5      | Bought a scroll of teleportation for 75 gold pieces
  6816 | D:5      | Bought a scroll of identify for 50 gold pieces
  7377 | D:6      | Reached **** piety under Trog
  7491 | D:6      | Reached skill level 10 in Dodging
  7664 | D:6      | Found a stormy altar of Qazlal.
  7903 | D:6      | Found an opulent altar of Gozag.
  7904 | D:6      | Found a glowing silver altar of Zin.
  7906 | D:6      | Reached skill level 1 in Evocations
  8018 | D:6      | Reached XP level 9. HP: 23/41 MP: 9/11
  8454 | D:6      | Found Pisk's Magic Scroll Boutique.
  8975 | D:7      | Found a staircase to the Ecumenical Temple.
  9010 | D:7      | Identified a scroll of acquirement
  9927 | D:8      | Noticed Erica
  9955 | D:8      | Killed Erica
  9955 | D:8      | Reached skill level 5 in Evocations
 10317 | D:8      | Reached XP level 10. HP: 46/47 MP: 13/15
 10618 | D:8      | Noticed a white ugly thing
 10864 | D:9      | Found the +10 large shield of Ignorance {rN+ Int-4}
 10870 | D:9      | Found a runed translucent door.
 10872 | D:9      | Found an ornate altar of the Wu Jian Council.
 10966 | D:9      | Found a runed translucent door.
 10968 | D:9      | Noticed an orange crystal statue
 11033 | D:9      | Found a hide-covered altar of Uskayaw.
 11036 | D:9      | Noticed a +0 dagger
 11037 | D:9      | Noticed a +0 dagger
 11068 | D:9      | Found a shadowy altar of Dithmenos.
 11339 | D:9      | Noticed a cyclops
 11342 | D:9      | Killed a cyclops
 11342 | D:9      | Reached skill level 10 in Stealth
 11747 | D:9      | Reached ***** piety under Trog
 11901 | D:10     | Entered Level 10 of the Dungeon
 12124 | D:10     | Found a staircase to the Lair.
 12371 | D:10     | HP: 2/48 [orc priest/divine providence (14)]
 12797 | D:10     | Found a staircase to the Orcish Mines.
 12976 | D:10     | Noticed a two-headed ogre
 13489 | D:10     | Killed a two-headed ogre
 13667 | D:8      | Killed a white ugly thing
 13667 | D:8      | Reached XP level 11. HP: 43/52 MP: 16/16
 13776 | D:8      | Found a basalt altar of Yredelemnul.
 13821 | D:8      | Found a shimmering altar of Xom.
 13930 | D:8      | Found a shimmering blue altar of Sif Muna.
 14063 | D:6      | Bought a scroll of blinking for 90 gold pieces
 14063 | D:6      | Bought a scroll of teleportation for 36 gold pieces
 14063 | D:6      | Bought a scroll of fear for 42 gold pieces
 14063 | D:6      | Bought 2 scrolls of identify for 48 gold pieces
 14063 | D:6      | Bought a scroll of fear for 42 gold pieces
 14183 | Lair:1   | Entered Level 1 of the Lair of Beasts
 14507 | Lair:1   | Noticed Maggie
 14519 | Lair:1   | Killed Maggie
 14851 | Lair:1   | Noticed an oklob plant
 14851 | Lair:1   | Noticed an oklob plant
 14994 | Lair:2   | Found a staircase to the Shoals.
 14996 | Lair:2   | Noticed Gastronok
 15025 | Lair:2   | Killed Gastronok
 15097 | Lair:2   | Got a smoking crystal amulet
 15098 | Lair:2   | Identified the amulet "Cakliedd" {Inacc rPois rN++ MR-
                  | Int+4} (You found it on level 2 of the Lair of Beasts)
 16188 | Lair:3   | Reached skill level 10 in Unarmed Combat
 16194 | Lair:3   | Reached skill level 10 in Fighting
 16957 | Lair:3   | Found a hole to the Spider Nest.
 17106 | Lair:3   | Gained mutation: Your thick and shaggy fur keeps you warm.
                  | (AC +3, rC+) [Felid growth]
 17106 | Lair:3   | Reached XP level 12. HP: 58/58 MP: 17/17
 17192 | Lair:3   | Noticed an eight-headed hydra
 17205 | Lair:3   | Killed an eight-headed hydra
 17602 | Lair:4   | Reached skill level 15 in Dodging
 18696 | Lair:5   | Noticed an eight-headed hydra
 18941 | Lair:5   | Killed an eight-headed hydra
 19011 | Lair:5   | Found a viscous altar of Jiyva.
 19012 | Lair:5   | Found a staircase to the Slime Pits.
 19396 | Lair:5   | Found a blossoming altar of Fedhas.
 19623 | Lair:6   | Entered Level 6 of the Lair of Beasts
 19685 | Lair:6   | Noticed an eight-headed hydra
 19686 | Lair:6   | Killed an eight-headed hydra
 19688 | Lair:6   | Noticed an eight-headed hydra
 19697 | Lair:6   | Killed an eight-headed hydra
 19842 | Lair:5   | Reached XP level 13. HP: 61/61 MP: 20/20
 20589 | Lair:5   | Reached skill level 15 in Stealth
 22649 | Lair:6   | Reached skill level 10 in Evocations
 23824 | D:11     | You fall into a shaft and drop 3 floors!
 24552 | D:13     | Found a gate to the Vaults.
 24687 | D:13     | Reached XP level 14. HP: 33/67 MP: 22/22
 25702 | D:11     | Noticed a fire giant
 26201 | D:6      | Bought a scroll of acquirement for 624 gold pieces
 26281 | D:5      | Bought a phantom mirror for 750 gold pieces
 26281 | D:5      | Bought an iron wand for 100 gold pieces
 26388 | Orc:1    | Entered Level 1 of the Orcish Mines
 27282 | Orc:1    | You fall into a shaft and drop 1 floor!
 27282 | Orc:2    | Entered Level 2 of the Orcish Mines
 27560 | Orc:1    | Found a roughly hewn altar of Beogh.
 27878 | Orc:1    | Noticed an orc warlord
 28306 | Orc:2    | Slain by an orc knight
 28307 | Orc:2    | Reached XP level 13. HP: -1/65 MP: 21/21
 28316 | Orc:2    | Found a staircase to the Elven Halls.
 28623 | Orc:2    | Reached ****** piety under Trog
 28774 | Orc:2    | Found Ogeu's Magic Scroll Boutique.
 28774 | Orc:2    | Found Wupeoh's Antique Weapon Shoppe.
 28802 | Orc:2    | HP: 3/97 [orc knight/+0 long sword (43)]
 29361 | Orc:2    | Found a roughly hewn altar of Beogh.
 29488 | Orc:2    | Bought 3 scrolls of identify for 96 gold pieces
 29488 | Orc:2    | Bought a scroll of magic mapping for 56 gold pieces
 29488 | Orc:2    | Bought a scroll of magic mapping for 56 gold pieces
 30141 | Orc:2    | Found Zeulecw's Food Shoppe.
 30141 | Orc:2    | Found Qodiod's Book Boutique.
 30362 | D:11     | Found Kihuarig's Weapon Shop.
 30580 | D:12     | Identified the amulet "Xucilo Anak" {Regen+ Int+3} (You
                  | acquired it on level 12 of the Dungeon)
 31738 | D:12     | Reached XP level 14. HP: 71/71 MP: 22/22
 33671 | Lair:6   | Identified the ring of the Water Diviner {*Slow rC+ rN++
                  | Int-2 Slay+1} (You acquired it on level 6 of the Lair of
                  | Beasts)
 34918 | D:14     | Reached skill level 15 in Unarmed Combat
 35004 | D:14     | Reached skill level 15 in Fighting
 36246 | D:15     | Entered Level 15 of the Dungeon
 37379 | D:15     | Found a staircase to the Depths.
 37410 | D:15     | Slain by a fire elemental
 37411 | D:15     | Reached XP level 13. HP: -4/69 MP: 21/21
 37442 | D:15     | Reached XP level 14. HP: 73/73 MP: 22/22
 37553 | D:15     | Reached XP level 15. HP: 77/77 MP: 23/23
 37771 | Spider:1 | Entered Level 1 of the Spider Nest
 38052 | Spider:1 | Noticed Donald
 38062 | Spider:1 | Killed Donald
 39175 | Spider:1 | Found a roughly hewn altar of Beogh.
 41158 | Spider:3 | Noticed Arachne
 41162 | Spider:3 | Noticed Nikola
 42078 | Spider:2 | HP: 3/78 [poisoned by a redback]
 42462 | Spider:3 | Killed Arachne
 43112 | Spider:3 | Reached XP level 16. HP: 45/83 MP: 24/24
 43311 | Spider:3 | HP: 3/83 [tarantella (7)]
 43311 | Spider:3 | Demolished by a redback
 43312 | Spider:3 | Reached XP level 15. HP: -14/79 MP: 23/23
 43620 | Spider:3 | HP: 2/79 [Nikola/chain lightning (8)]
 43620 | Spider:3 | Killed from afar by Nikola
 43621 | Spider:3 | Reached XP level 14. HP: -10/75 MP: 22/22
 43621 | Spider:3 | Upgraded the game from 0.25-a0-419-g7650d0de75 to
                  | 0.25-a0-420-g1cc7eeb0d1
 43634 | Spider:3 | Killed from afar by Nikola

Levels and vault maps discovered:
D:1:      elethiomel_arrival_infinity_welcomes_careful_drivers, layout_basic,
          hex_large
D:2:      layout_rooms, chequers_ecumenical_altar_lobes
D:3:      layout_loops_ring, marbit_many_paths, gup_sewer_entry_bubbles,
          bh_walls_and_bars
D:4:      layout_cave_pools, first_ration, serial_bayou_pond_e,
          nicolae_dithmenos_shadow_blocks
D:5:      layout_basic, lemuel_doored_altar, serial_shops, nicolae_shop_stone,
          shop, shop, shop, shop, minmay_manual_mess
D:6:      layout_loops_ring, grunt_temple_overflow_gold_and_silver,
          nicolae_qazlal_general_emergency, serial_shops, shop,
          water_boxes_lemuel
D:7:      layout_gridville, minmay_temple_entry_enclosed_plants
D:8:      layout_rooms, yredelemnul_altar_generic, lemuel_blue_sif_altar,
          basic_altar, uniq_erica
D:9:      layout_stronghold, lemuel_round_altar, dancing_weapons_uskayaw,
          lemuel_crystal_altar, chequers_guarded_unrand_ignorance
D:10:     minmay_clustersquares, layout_basic, erik_lair_orcish_takeover,
          orc_0_dummy, hangedman_fish_farm
D:11:     minmay_firetagon, layout_basic, serial_shops, shop, st_stairs_3
D:12:     layout_basic
D:13:     layout_roguey, erik_vaults_2, kennysheep_path_1, minmay_misc_feat_chi,
          serial_bayou_pond_a, chequers_serial_rivers_small_a,
          lightli_wizard_tower
D:14:     layout_irregular_city, disabler_island
D:15:     grunt_enter_depths_magical_seal, layout_cave_pools,
          nicolae_benzene_ring
Lair:1:   layout_misc_corridors, nicolae_lair_grove_arrangements,
          minmay_lair_oklob_chamber, uniq_maggie
Lair:2:   layout_gridlike, elwin_shoals_entry_rocks,
          cheibrodos_lair_caveside_slide, uniq_gastronok
Lair:3:   layout_gridlike, dummy_spider_entry
Lair:4:   layout_big_grid, eino_small_chamber_without_monster,
          infiniplex_staircase_pool_2, serial_bayou_shore_a
Lair:5:   layout_regular_city, slime_altar_1, serial_bayou_pond_b, tgw_fedhas,
          grunt_megastairs_3
Lair:6:   minmay_lair_end_frog_pond, layout_long_grid,
          chequers_serial_rivers_micro_e
Spider:1: nicolae_spider_mines_2, hangedman_spider_tarantella_strand,
          uniq_donald
Spider:2: layout_spider_delve
Spider:3: layout_spider_delve, nicolae_spider_shape, uniq_arachne, uniq_nikola
Orc:1:    layout_caves, serial_shops, nicolae_shop_crystal,
          nicolae_orc_stony_grotto, bh_open_orc_temple
Orc:2:    st_orc_town, layout_caves, nicolae_orc_rockfall

Skill      XL: |  1  2  3  4  5  6  7  8  9 10 11 12 13 14 15 |
---------------+----------------------------------------------+-----
Fighting       | 4 5 6 7 8 10 13 15 16 | 16.7
Stealth        | 2 4 6 9 10 14 16 17 19 | 19.5
Dodging        | 5 7 10 11 12 14 16 17 19 | 19.7
Unarmed Combat | 4 5 6 7 8 10 11 14 16 | 16.9
Evocations     | 1 5 6 8 10 | 10.0

Action                   |  1- 3 |  4- 6 |  7- 9 | 10-12 | 13-15 | 16-18 || total
-------------------------+-------+-------+-------+-------+-------+-------++-------
Melee: Unarmed           |   102 |   138 |   329 |   574 |  1945 |    31 ||  3119
       Bite              |     8 |    16 |    43 |    85 |   263 |     5 ||   420
       Punch             |     1 |     2 |     3 |    30 |   166 |     2 ||   204
Invok: Berserk           |     7 |    10 |    12 |    30 |    83 |     1 ||   143
       Trog's Hand       |       |       |     1 |    13 |    21 |     3 ||    38
       Brothers in Arms  |       |       |       |       |     4 |       ||     4
Evoke: Wand              |       |       |       |     9 |    32 |     6 ||    47
  Use: Scroll            |     8 |       |    12 |    10 |    14 |       ||    44
       Potion            |       |       |       |     3 |     9 |       ||    12
 Stab: Sleeping          |     5 |     2 |    20 |    34 |    46 |       ||   107
       Distracted        |       |       |     2 |     1 |    20 |       ||    23
       Invisible         |       |       |       |     1 |       |       ||     1
       Paralysed         |       |       |       |     1 |     3 |       ||     4
       Held in net/web   |       |       |       |       |     1 |       ||     1
  Eat: Chunk             |    14 |     8 |    25 |    56 |   134 |       ||   237
       Ration            |       |       |       |       |     1 |     1 ||     2
Armor: Skin              |     2 |     9 |     6 |     9 |    35 |     3 ||    64
Dodge: Dodged            |    87 |   143 |   247 |   458 |  2044 |    68 ||  3047
Block: Other             |       |       |       |       |   121 |     8 ||   129

Table legend:
 A = Non-vault XP
 B = Vault XP
 C = Vault XP percentage of total XP
 D = Non-vault monster count
 E = Vault monster count
 F = Vault count percentage of total count
                 A         B        C        D         E       F
            +---------+---------+-------+---------+---------+-------
      Total |  140231 |   48448 |  25.7 |     687 |     222 |  24.4
            +---------+---------+-------+---------+---------+-------
        D:1 |      30 |       0 |   0.0 |      19 |       0 |   0.0
        D:2 |      51 |       0 |   0.0 |      14 |       0 |   0.0
        D:3 |     174 |      39 |  18.3 |      15 |       7 |  31.8
        D:4 |     308 |       0 |   0.0 |      16 |       0 |   0.0
        D:5 |     813 |     175 |  17.7 |      17 |       7 |  29.2
        D:6 |     919 |       0 |   0.0 |      21 |       0 |   0.0
        D:7 |    1054 |       0 |   0.0 |      18 |       0 |   0.0
        D:8 |    1607 |     918 |  36.4 |      31 |       1 |   3.1
        D:9 |    1167 |       0 |   0.0 |      11 |       0 |   0.0
       D:10 |    1607 |    2573 |  61.6 |      31 |      20 |  39.2
       D:11 |    4216 |    1300 |  23.6 |      40 |       9 |  18.4
       D:12 |    8614 |       0 |   0.0 |      45 |       0 |   0.0
       D:13 |   10100 |    7488 |  42.6 |      29 |       9 |  23.7
       D:14 |   11082 |       0 |   0.0 |      28 |       0 |   0.0
       D:15 |    9158 |    3579 |  28.1 |      29 |       7 |  19.4
     Lair:1 |    2084 |     376 |  15.3 |       9 |       1 |  10.0
     Lair:2 |    1124 |    2224 |  66.4 |       8 |       1 |  11.1
     Lair:3 |    6500 |       0 |   0.0 |      17 |       0 |   0.0
     Lair:4 |    6430 |       0 |   0.0 |      24 |       0 |   0.0
     Lair:5 |    6697 |    4965 |  42.6 |      24 |      18 |  42.9
     Lair:6 |   12527 |    7511 |  37.5 |      37 |      31 |  45.6
   Spider:1 |    8987 |    4900 |  35.3 |      26 |      10 |  27.8
   Spider:2 |   18838 |       0 |   0.0 |      55 |       0 |   0.0
   Spider:3 |   16971 |    5090 |  23.1 |      49 |       6 |  10.9
      Orc:1 |    1175 |    1050 |  47.2 |      21 |       4 |  16.0
      Orc:2 |    7998 |    5691 |  41.6 |      53 |      57 |  51.8
      Sewer |       0 |     569 | 100.0 |       0 |      34 | 100.0
            +---------+---------+-------+---------+---------+-------
